 Dungeon Crawl Stone Soup version 0.28.0 (webtiles) character file.

Game seed: 10965482751198517382

4413 issech the Basher (level 10, -23/98 HPs)
             Began as a Troll Monk on Feb 12, 2022.
             Annihilated by a boulder beetle (47 damage)
             ... on level 8 of the Dungeon.
             The game lasted 00:33:51 (8493 turns).

issech the Basher (Troll Monk)                      Turns: 8493, Time: 00:33:51

Health: -23/98     AC:  9    Str: 21    XL:     10   Next: 14%
Magic:  9/9        EV: 14    Int:  6    God:
Gold:   964        SH:  0    Dex: 22    Spells: 9/9 levels left

rFire   . . .      SeeInvis +   f - +12 mace "Totritut" {holy, Will++ SInv}
rCold   + . .      Faith    .   (no shield)
rNeg    . . .      Spirit   .   S - +1 robe {rC+}
rPois   .          Reflect  .   (helmet restricted)
rElec   .          Harm     .   (no cloak)
rCorr   .          Rampage  .   (gloves unavailable)
Will    ++...                   (boots unavailable)
Stlth   +++.......              (no amulet)
HPRegen 1.06/turn               H - +6 ring of dexterity
MPRegen 0.11/turn               B - +4 ring of protection

@: no status effects
A: large, unfitting armour, claws 3, regeneration 1, shaggy fur 1, tough skin 1
a: no special abilities


You were on level 8 of the Dungeon.
You visited 2 branches of the dungeon, and saw 9 of its levels.
You also visited: Sewer.

You collected 1132 gold pieces.
You spent 168 gold pieces at shops.

Inventory:

Hand Weapons
 d - a +0 giant spiked club
 f - the +12 mace "Totritut" (weapon) {holy, Will++ SInv}
   (You bought it in a shop on level 1 of the Dungeon)

   It has been blessed by the Shining One to cause great damage to the undead
   and demons.
   SInv:      It lets you see invisible.
   Will:      It greatly increases your willpower.
 u - a +2 short sword of electrocution
 v - a +1 dagger of venom
 F - a +2 whip of flaming
 P - a +0 spear of venom
 R - a +2 vorpal war axe
 U - the +8 hunting sling "Oblirod" {freeze, Dex+7}
   (You found it on level 7 of the Dungeon)

   Any ammunition fired from it freezes those it strikes, dealing additional
   cold damage.
   It can also slow down cold-blooded creatures.
   Dex:       It affects your dexterity (+7).
 W - a +2 vorpal shortbow
Missiles
 e - 133 arrows
 g - 216 stones (quivered)
 h - 8 poisoned darts
 t - 9 boomerangs
 y - 50 bolts
 Q - 11 sling bullets
Armour
 n - a scarf of harm
 S - a +1 robe of cold resistance (worn)
Magical Staves
 w - a staff of conjuration
Jewellery
 m - a ring of fire
 B - a +4 ring of protection (right claw)
 H - a +6 ring of dexterity (left claw)
 K - a +6 ring of dexterity
 N - a ring of ice
 O - a ring of protection from cold
 T - a ring of flight
Wands
 V - a wand of paralysis (6)
Scrolls
 a - a scroll of summoning
 b - a scroll of identify
 i - 2 scrolls of fog
 j - 8 scrolls of teleportation
 o - 3 scrolls of enchant weapon
 p - a scroll of immolation
 s - a scroll of magic mapping
 x - 2 scrolls of amnesia
 z - 3 scrolls of noise
 C - a scroll of torment
 D - a scroll of fear {unknown}
 G - a scroll of blinking {unknown}
 I - 2 scrolls of enchant armour {unknown}
 M - a scroll of vulnerability {unknown}
Potions
 c - a potion of ambrosia {unknown}
 k - 2 potions of mutation
 l - a potion of curing {unknown}
 q - a potion of degeneration
 r - 3 potions of flight
 A - a potion of attraction {unknown}
 E - a potion of cancellation {unknown}
 J - a potion of heal wounds {unknown}
 L - 2 potions of brilliance {unknown}


   Skills:
 + Level 5.9 Fighting
 + Level 9.5 Maces & Flails
 + Level 6.7 Dodging
 + Level 3.2 Stealth


You had 9 spell levels left.
You didn't know any spells.
Your spell library contained the following spells:

 Spells                   Type           Power      Damage    Failure   Level
 Sandblast                Erth           0%         2d4       45%         1
 Passwall                 Tmut/Erth      0%         N/A       58%         2
 Stone Arrow              Conj/Erth      0%         3d7       83%         3
 Summon Guardian Golem    Hex/Summ       0%         N/A       83%         3
 Passage of Golubria      Tloc           0%         N/A       99%         4
 Silence                  Hex/Air        0%         N/A       100%        5
 Orb of Destruction       Conj           0%         9d5       100%        7
 Spellforged Servitor     Conj/Summ      0%         N/A       100%        7
 Lehudib's Crystal Spear  Conj/Erth      0%         10d2      100%        8


Dungeon Overview and Level Annotations

Branches:
Dungeon (8/15)             Temple (1/1) D:5            Lair (0/6) D:8
  Sewer (visited)

Altars:
Ashenzari
Dithmenos
Elyvilon
Fedhas
Gozag
Kikubaaqudgha
Nemelex Xobeh
Okawaru
Qazlal
Ru
Sif Muna
Trog
Uskayaw
Vehumet
Wu Jian
Xom
Yredelemnul
The Shining One

Shops:
D:1 (


Innate Abilities, Weirdness & Mutations

You are too large for most types of armour.
You have claws for hands.
Your natural rate of healing is unusually fast.
You are covered in fur. (AC +1)
You have tough skin. (AC +1)


Message History

You hit the boulder beetle but do no damage.
The boulder beetle bites you but does no damage.
You hit the boulder beetle.
The boulder beetle is lightly wounded.
The boulder beetle leaps!
You thump the boulder beetle!
The boulder beetle is lightly wounded.
The boulder beetle bites you!!
You thump the boulder beetle!
You claw the boulder beetle, but do no damage.
The boulder beetle is moderately wounded.
You hit the boulder beetle but do no damage.
The boulder beetle is moderately wounded.
The boulder beetle bites you!
You hit the boulder beetle.
The boulder beetle is moderately wounded.
The boulder beetle bites you!
* * * LOW HITPOINT WARNING * * *
The boulder beetle leaps!
The boulder beetle leaps!
The boulder beetle curls into a ball and begins rolling!
The boulder beetle hits you!!!
* * * LOW HITPOINT WARNING * * *
The boulder beetle stops rolling and uncurls.
Unknown command.
Throw: 216 stones
Press: ? - help, Q - select action, (/) - cycle Shift-Dir - straight line, f - boulder beetle
Aim: a boulder beetle (moderately wounded, 91% to hit)
Okay, then.
The boulder beetle leaps!
The boulder beetle bites you.
* * * LOW HITPOINT WARNING * * *
The boulder beetle bites you but does no damage.
Things that are here:
a +0 trident; an orc corpse
Items here: )) [ †.
Items here: ) [ ††.
The boulder beetle curls into a ball and begins rolling!
The boulder beetle hits you!!!
You die...

#.....>.....
############..........#
#...B...)))....P......#
##°#########.#.....$.#
#.°○..# #.#.......#
#####°# #.##.....## #○#
#.###...## #B#
#..B.°.## #@# ########
#.# #.# #.# #.# #.# #.#
#.# #.#


You could see a boulder beetle (rolling).

Vanquished Creatures
  Pikel (D:4)
  Grinder (D:3)
  Sigmund (D:3)
  A wyvern (D:5)
  3 yaks (D:8)
  3 wargs (D:8)
  Duvessa (D:5)
  2 water moccasins
  2 orc warriors
  3 sky beasts
  2 black bears
  3 ogres
  2 phantoms (D:6)
  A centaur (D:8)
  Blork the orc (D:6)
  3 scorpions
  A water moccasin zombie (D:5)
  The ghost of Acetwo5 the Skirmisher, a weakling MiFi of Okawaru (D:4)
  Dowan (D:5)
  2 bullfrog zombies
  3 quasits (D:4)
  A centaur skeleton (D:4)
  A gnoll shaman (D:7)
  2 hounds
  An iguana (D:6)
  4 orc wizards
  4 howler monkey skeletons
  9 adders
  10 gnolls
  3 river rats (Sewer)
  2 shadow imps (D:5)
  2 ufetubi
  5 worms
  3 dart slugs
  25 orcs
  11 endoplasms
  9 giant cockroaches
  7 goblins
  9 hobgoblins
  2 jackals (Sewer)
  6 kobolds
  9 quokkas
  6 ball pythons
  18 bats
  2 frilled lizards
  6 rats
195 creatures vanquished.

Vanquished Creatures (others)
  A plant (D:8)
1 creature vanquished.

Grand Total: 196 creatures vanquished

Notes
Turn   | Place    | Note
-------+----------+-------------------------------------------
     0 | D:1      | issech the Troll Monk began the quest for the Orb.
     0 | D:1      | Reached XP level 1. HP: 22/22 MP: 0/0
    67 | D:1      | Found a faded altar of an unknown god.
   110 | D:1      | Reached XP level 2. HP: 23/29 MP: 1/1
   117 | D:1      | Reached skill level 3 in Maces & Flails
   319 | D:1      | Reached XP level 3. HP: 36/36 MP: 2/2
   360 | D:1      | Found Boproj's Antique Weapon Boutique.
   782 | D:2      | Reached XP level 4. HP: 28/44 MP: 3/3
  1069 | D:2      | HP: 2/44 [gnoll (10)]
  1425 | D:2      | Reached skill level 4 in Maces & Flails
  1425 | D:2      | Reached XP level 5. HP: 37/53 MP: 4/4
  1498 | D:2      | Identified a scroll of acquirement
  1500 | D:2      | Acquired 756 gold pieces
  1620 | D:1      | Bought a steaming mace for 168 gold pieces
  1620 | D:1      | Identified the +12 mace "Totritut" {holy, Will++ SInv} (You
                  | bought it in a shop on level 1 of the Dungeon)
  1882 | D:3      | Found a glowing drain.
  1902 | Sewer    | Entered a sewer
  2357 | Sewer    | Reached XP level 6. HP: 61/61 MP: 5/5
  2902 | D:3      | Noticed Sigmund
  2911 | D:3      | Killed Sigmund
  2912 | D:3      | Reached skill level 5 in Maces & Flails
  3020 | D:3      | Noticed Grinder
  3027 | D:3      | Killed Grinder
  3028 | D:3      | Reached XP level 7. HP: 67/68 MP: 6/6
  3509 | D:4      | Found a transporter.
  3512 | D:4      | Noticed Acetwo5's ghost (weakling MiFi)
  3538 | D:4      | Reached skill level 6 in Maces & Flails
  3622 | D:4      | Found a transporter.
  3670 | D:4      | Noticed Pikel
  3683 | D:4      | Killed Pikel
  3684 | D:4      | Reached XP level 8. HP: 34/78 MP: 7/7
  4625 | D:4      | Killed Acetwo5's ghost
  4626 | D:4      | Reached skill level 7 in Maces & Flails
  4684 | D:5      | Entered Level 5 of the Dungeon
  4690 | D:5      | Found a glowing golden altar of the Shining One.
  4810 | D:5      | Reached skill level 5 in Dodging
  4976 | D:5      | Found a sacrificial altar of Ru.
  5063 | D:5      | Noticed Duvessa
  5063 | D:5      | Noticed Dowan
  5070 | D:5      | Killed Dowan
  5082 | D:5      | Found a stormy altar of Qazlal.
  5089 | D:5      | Killed Duvessa
  5354 | D:5      | Reached XP level 9. HP: 72/87 MP: 8/8
  5400 | D:5      | Found a staircase to the Ecumenical Temple.
  5406 | Temple   | Entered the Ecumenical Temple
  5778 | D:5      | Reached skill level 8 in Maces & Flails
  5817 | D:5      | Reached skill level 5 in Fighting
  6417 | D:6      | Found a shadowy altar of Dithmenos.
  6637 | D:6      | Noticed Blork the orc
  6646 | D:6      | Killed Blork the orc
  6915 | D:6      | Found a white marble altar of Elyvilon.
  6917 | D:6      | Found an ornate altar of the Wu Jian Council.
  6917 | D:6      | Found a sparkling altar of Nemelex Xobeh.
  6947 | D:6      | Found a radiant altar of Vehumet.
  6947 | D:6      | Found a hide-covered altar of Uskayaw.
  7450 | D:7      | Identified the +8 hunting sling "Oblirod" {freeze, Dex+7}
  7702 | D:7      | Reached skill level 9 in Maces & Flails
  8361 | D:8      | Found a staircase to the Lair.
  8388 | D:8      | Reached XP level 10. HP: 74/98 MP: 9/9
  8440 | D:8      | Noticed a boulder beetle
  8468 | D:8      | HP: 1/98 [boulder beetle (40)]
  8493 | D:8      | Annihilated by a boulder beetle

Illustrated notes

Levels and vault maps discovered:
D:1:      amcnicky_arrival_flooded_fountain, layout_rooms, serial_shops, shop,
          hellmonk_ecumenical_altar_lost_god
D:2:      minmay_angry_zag, layout_basic
D:3:      layout_loops_corners, portal_sewer_entry_f, uniq_sigmund, uniq_grinder
D:4:      layout_layer_cave, gammafunk_ghost_stat_death, chequers_garden,
          st_stairs_13, serial_park_tiny_2, minmay_liquid_box, uniq_pikel
D:5:      layout_basic, nicolae_qazlal_general_emergency,
          nicolae_overflow_crystal_walls, nicolae_overflow_hidden_temple,
          minmay_temple_entry_fiery, uniq_duvessa
D:6:      layout_loops_ring, minmay_overflow_temple_star_hex,
          grunt_dithmenos_shadows, kennysheep_generic_room_8, uniq_blork_the_orc
D:7:      layout_cave_pods
D:8:      kennysheep_six_static_rooms, layout_basic, old_standard_altar,
          erik_lair_orcish_takeover
Temple:   compressed_dpeg_triangle_lava_temple

Skill      XL: |  1  2  3  4  5  6  7  8  9 |
---------------+----------------------------+-----
Maces & Flails | 3 4 5 6 7 9 |  9.5
Dodging        | 3 4 5 6 |  6.7
Fighting       | 3 4 5 |  5.9
Stealth        | 2 3 |  3.2

Action                   |  1- 3 |  4- 6 |  7- 9 | 10-12 || total
-------------------------+-------+-------+-------+-------++-------
Melee: Mace              |    46 |   101 |   221 |    28 ||   396
       Punch             |     2 |     1 |     6 |     1 ||    10
       Giant spiked club |    78 |    63 |       |       ||   141
  Use: Scroll            |       |     7 |     4 |       ||    11
       Potion            |       |     3 |     2 |       ||     5
 Stab: Sleeping          |     1 |     2 |     5 |       ||     8
Armor: Robe              |   197 |    62 |   127 |     4 ||   390
Dodge: Dodged            |   245 |   147 |   228 |    14 ||   634
